 Dungeon Crawl Stone Soup version 0.27-a0-1196-g3e9cee4cb2 (webtiles) character file.

Game seed: 5848993062338368556

5747 lostcausedog the Basher (level 10, -7/63 HPs)
             Began as a Tengu Berserker on May 28, 2021.
             Was an Elder of Trog.
             Hit by a javelin thrown by a centaur (13 damage)
             ... in a bailey.
             The game lasted 00:26:07 (8532 turns).

lostcausedog the Basher (Tengu Berserker)           Turns: 8532, Time: 00:26:08

Health: -7/63      AC: 17    Str: 20    XL:     10   Next: 77%
Magic:  11/11      EV:  9    Int:  8    God:    Trog [****..]
Gold:   580        SH: 12    Dex: 14    Spells: 9/9 levels left

rFire    + . .     SeeInvis +   r - +5 mace of a sewer {vorpal, +Blink Will+ SInv Stlth-}
rCold    . . .     Faith    .   L - +2 buckler
rNeg     . . .     Spirit   .   x - +0 plate armour
rPois    .         Reflect  +   d - +2 hat
rElec    .         Harm     .   v - +0 cloak
rCorr    .         Rampage  .   (no gloves)
Will     +....                  (boots unavailable)
Stlth    ..........             e - amulet of reflection
HPRegen  0.20/turn              z - ring of see invisible
MPRegen  0.12/turn              B - ring of protection from fire

@: on berserk cooldown, flying quickly and evasively, slowed, very slow
A: beak, talons 3, nimble flight
a: Renounce Religion, Evoke Blink, Berserk, Trog's Hand, Brothers in Arms


You were in a bailey.
You worshipped Trog.
Trog was greatly pleased with you.
You visited 2 branches of the dungeon, and saw 10 of its levels.
You also visited: Bailey.

You collected 580 gold pieces.

Inventory:

Hand Weapons
 a - a +0 spear
 r - the +5 mace of a sewer (weapon) {vorpal, +Blink Will+ SInv Stlth-}
   (You found it on level 4 of the Dungeon)

   It inflicts extra damage upon your enemies.
   It lets you see invisible.
   It lets you blink.
   It increases your willpower.
   It makes you less stealthy.
 u - a +4 quarterstaff of chaos
 C - the +5 whip of the Muttering Stork {venom, rC++ Str-3 Int+3 SInv}
   (You found it on level 5 of the Dungeon)

   It poisons the flesh of those it strikes.
   It affects your strength (-3).
   It affects your intelligence (+3).
   It greatly protects you from cold.
   It lets you see invisible.
 D - a +5 flail
 N - a +4 halberd
 O - a +4 hand axe
Missiles
 h - 2 throwing nets
 j - 6 datura-tipped darts
 t - 45 poisoned darts
Armour
 d - a +2 hat (worn)
 i - a +2 scale mail of cold resistance
 v - a +0 cloak (worn)
 x - a +0 plate armour (worn)
 G - a +1 robe of cold resistance
 L - a +2 buckler (worn)
Jewellery
 e - an amulet of reflection (around neck)
 z - a ring of see invisible (left hand)
 B - a ring of protection from fire (right hand)
 E - a ring of poison resistance
 P - a ring of wizardry
 Q - a +6 ring of strength
 R - a ring of magical power
Wands
 q - a wand of digging (14)
 K - a wand of flame (8)
Scrolls
 b - 3 scrolls of amnesia
 c - a scroll of fear {unknown}
 g - 3 scrolls of enchant weapon
 k - 2 scrolls of blinking {unknown}
 m - 4 scrolls of identify
 p - 2 scrolls of summoning {unknown}
 s - 3 scrolls of magic mapping
 w - a scroll of silence {unknown}
 y - 2 scrolls of noise {unknown}
 A - 2 scrolls of teleportation {unknown}
 M - a scroll of fog {unknown}
 S - a scroll of brand weapon {unknown}
Potions
 f - 2 potions of lignification
 l - a potion of mutation
 n - a potion of attraction {unknown}
 o - 4 potions of curing
 F - a potion of haste {unknown}
 H - a potion of cancellation {unknown}
 I - 2 potions of degeneration {unknown}
 J - 3 potions of flight


   Skills:
 + Level 7.1 Fighting
 + Level 10.0 Maces & Flails
 + Level 6.2 Polearms
 + Level 8.4 Armour
 + Level 4.6 Dodging
 + Level 3.7 Stealth
 + Level 4.0 Shields


You had 9 spell levels left.
You didn't know any spells.
Your spell library was empty.

Dungeon Overview and Level Annotations

Branches:
Dungeon (9/15)             Temple (1/1) D:6          Bailey (1/1)
   Lair: D:8-11         Orc: D:9-12

Altars:
Ashenzari
Cheibriados
Elyvilon
Fedhas
Gozag
Hepliaklqana
Kikubaaqudgha
Nemelex Xobeh
Okawaru
Qazlal
Ru
Sif Muna
Trog
Uskayaw
Vehumet
Wu Jian
Xom
Yredelemnul
Zin

Shops:
D:3 (


Innate Abilities, Weirdness & Mutations

You have a beak for a mouth.
You have claws for feet.
Your magical nature lets you fly swiftly and evasively.


Message History

The orc closely misses you. You block the orc's attack.
Found 31 gold pieces.
The centaur shouts!
You hear a shout!
The centaur throws a javelin.
The javelin pierces through you but does no damage.
You block the orc's attack.
The centaur hits you but does no damage.
The orc hits you from afar with a +0 halberd.
* * * LOW HITPOINT WARNING * * *
Found 39 gold pieces.
You fail to use your ability.
You block the centaur's attack. You block the orc's attack.
The centaur hits you from afar with a +0 spear.
* * * LOW HITPOINT WARNING * * *
Okay, then.
Okay, then.
Okay, then.
The centaur hits you but does no damage.
You block the centaur's attack. 2 orcs come into view.
The orc shouts! x2
The centaur throws a javelin.
The javelin pierces through you.
* * * LOW HITPOINT WARNING * * *
The centaur throws a javelin.
The javelin pierces through you but does no damage.
The centaur throws a javelin.
The javelin pierces through you but does no damage.
The centaur throws a javelin.
The javelin pierces through you but does no damage.
The centaur throws a javelin.
The javelin pierces through you.
* * * LOW HITPOINT WARNING * * *
Okay, then.
The centaur throws a javelin.
The javelin pierces through you but does no damage.
The centaur throws a javelin.
The javelin pierces through you.
* * * LOW HITPOINT WARNING * * *
You block the orc's attack.
Okay, then.
The centaur throws a javelin.
The javelin pierces through you!
You die...

##≈≈≈$$$≈≈≈##
####≈≈⌠..$.$⌠≈≈####
#≈≈≈≈....co...≈≈≈≈# .
#......≈≈≈≈≈......#
..#.....≈≈...≈≈.....#
..'..≈.≈≈.≈.≈.≈≈.≈..+
#.≈≈o≈.≈≈.≈≈.≈o≈≈.#
#o≈.≈≈.≈...≈c≈≈o≈.#
#.≈.≈@≈≈...≈≈o≈.≈.#
#.≈.≈.≈.⌠∩⌠.≈o≈.≈.#
#.≈.≈.≈..∩..≈.≈.≈.#
#.≈.≈.≈.⌠∩⌠.≈.≈.≈.#
#.≈.≈.≈≈...≈≈.≈.≈.#
#.≈.≈≈.≈...≈.≈≈.≈.#
#.≈≈.≈.≈≈≈≈≈.≈.≈≈.#
##.≈.≈≈.....≈≈.≈.##
.≈≈.≈≈≈.≈≈≈.≈≈.#


You could see 2 centaurs and 3 orcs.

Vanquished Creatures
  A centaur warrior (D:9)
  A two-headed ogre (D:9)
  A deep elf zephyrmancer (D:7)
  A cyclops (D:9)
  The ghost of pablusdiablus the Chopper, a novice HOFi of Gozag (D:5)
  Sigmund (D:2)
  Duvessa (D:6)
  A sky beast (D:6)
  An orc warrior (D:5)
  2 necrophages
  An ice beast (D:8)
  2 black bears (D:4)
  A hornet zombie (D:7)
  2 ogres
  A centaur (D:9)
  2 bullfrogs
  Blork the orc (D:6)
  2 scorpions
  Dowan (D:6)
  A water moccasin skeleton (D:7)
  3 killer bees (D:9)
  3 wights (D:8)
  2 howler monkeys
  2 bullfrog zombies
  3 centaur zombies
  6 hounds
  5 jellies
  4 centaur skeletons
  4 orc priests
  2 bullfrog skeletons
  A gnoll shaman (D:5)
  Crazy Yiuf (D:4)
  Jessica (D:3)
  Natasha (D:3)
  Terence (D:2)
  3 iguanas
  4 orc wizards (D:6)
  A killer bee zombie (D:7)
  A hound skeleton (D:4)
  7 gnolls
  A river rat (D:5)
  10 adders
  A shadow imp (D:6)
  A white imp (D:6)
  4 ufetubi
  An adder skeleton (D:4)
  A dart slug (D:5)
  10 orcs
  9 ball pythons
  7 endoplasms
  4 giant cockroaches
  7 goblins
  2 hobgoblins
  6 kobolds
  5 quokkas
  7 bats
  5 frilled lizards
  5 rats
166 creatures vanquished.

Vanquished Creatures (others)
  3 fungi (D:6)
  4 toadstools (D:6)
7 creatures vanquished.

Grand Total: 173 creatures vanquished

Notes
Turn   | Place    | Note
-------+----------+-------------------------------------------
     0 | D:1      | lostcausedog the Tengu Berserker began the quest for the
                  | Orb.
     0 | D:1      | Reached XP level 1. HP: 14/14 MP: 2/2
   226 | D:1      | Reached XP level 2. HP: 19/19 MP: 3/3
   882 | D:2      | Noticed Terence
   889 | D:2      | Killed Terence
   890 | D:2      | Reached XP level 3. HP: 16/23 MP: 4/4
   930 | D:2      | Reached skill level 1 in Stealth
  1131 | D:2      | Reached XP level 4. HP: 29/29 MP: 5/5
  1155 | D:2      | Noticed Sigmund
  1177 | D:2      | Killed Sigmund
  1178 | D:2      | Reached skill level 5 in Polearms
  1178 | D:2      | Gained mutation: Your magical nature lets you fly swiftly
                  | and evasively. [Tengu growth]
  1178 | D:2      | Reached XP level 5. HP: 31/33 MP: 6/6
  1178 | D:2      | Reached XP level 6. HP: 36/38 MP: 7/7
  1248 | D:2      | Reached ** piety under Trog
  1335 | D:2      | Found a faded altar of an unknown god.
  1674 | D:3      | Noticed Jessica
  1678 | D:3      | Killed Jessica
  1686 | D:3      | Noticed Natasha
  1696 | D:3      | Killed Natasha
  1725 | D:3      | Found Yneatig's Weapon Boutique.
  2494 | D:4      | Identified the +5 mace of a sewer {vorpal, +Blink Will+
                  | SInv Stlth-}
  2569 | D:4      | Noticed a black bear
  2577 | D:4      | Killed a black bear
  2578 | D:4      | Reached XP level 7. HP: 39/44 MP: 8/8
  2632 | D:4      | Reached skill level 1 in Shields
  2657 | D:4      | Reached skill level 1 in Maces & Flails
  2889 | D:4      | Found a runed translucent door.
  2890 | D:4      | Noticed Crazy Yiuf
  2896 | D:4      | Killed Crazy Yiuf
  2897 | D:4      | Reached skill level 2 in Maces & Flails
  3319 | D:4      | Reached XP level 8. HP: 37/48 MP: 9/9
  3402 | D:5      | Entered Level 5 of the Dungeon
  3563 | D:5      | Reached skill level 3 in Maces & Flails
  3653 | D:5      | Reached *** piety under Trog
  3751 | D:5      | Reached skill level 5 in Fighting
  4235 | D:5      | Identified the +5 whip of the Muttering Stork {venom, rC++
                  | Str-3 Int+3 SInv}
  4346 | D:5      | Found an ornate altar of the Wu Jian Council.
  4464 | D:5      | Reached skill level 4 in Maces & Flails
  4464 | D:5      | Found a hazy altar of Hepliaklqana.
  4466 | D:5      | Found a faded altar of an unknown god.
  4706 | D:5      | Found a runed translucent door.
  4708 | D:5      | Noticed pablusdiablus's ghost (novice HOFi)
  4713 | D:5      | Reached skill level 5 in Armour
  4726 | D:5      | Killed pablusdiablus's ghost
  4738 | D:5      | Found a runed translucent door.
  5088 | D:6      | Reached skill level 5 in Maces & Flails
  5088 | D:6      | Reached XP level 9. HP: 47/54 MP: 10/10
  5299 | D:6      | Noticed Blork the orc
  5310 | D:6      | Killed Blork the orc
  5436 | D:6      | Found a staircase to the Ecumenical Temple.
  5453 | Temple   | Entered the Ecumenical Temple
  5888 | D:6      | Reached skill level 6 in Maces & Flails
  6359 | D:6      | Noticed Dowan
  6359 | D:6      | Noticed Duvessa
  6375 | D:6      | Killed Duvessa
  6380 | D:6      | Killed Dowan
  6912 | D:7      | Noticed a deep elf zephyrmancer
  6923 | D:7      | Killed a deep elf zephyrmancer
  6924 | D:7      | Reached skill level 7 in Maces & Flails
  7279 | D:7      | Reached XP level 10. HP: 57/60 MP: 11/11
  7337 | D:7      | Reached skill level 8 in Maces & Flails
  7647 | D:8      | Found a glowing silver altar of Zin.
  7783 | D:8      | Reached **** piety under Trog
  8039 | D:8      | Found a stormy altar of Qazlal.
  8377 | D:9      | Noticed a centaur warrior
  8377 | D:9      | Noticed a two-headed ogre
  8385 | D:9      | Killed a centaur warrior
  8386 | D:9      | Reached skill level 9 in Maces & Flails
  8391 | D:9      | Killed a two-headed ogre
  8454 | D:9      | Noticed a cyclops
  8458 | D:9      | Killed a cyclops
  8464 | D:9      | Reached skill level 10 in Maces & Flails
  8501 | D:9      | Found a flagged portal.
  8515 | Bailey   | Entered a bailey
  8532 | Bailey   | Hit by a javelin thrown by a centaur

Illustrated notes

Levels and vault maps discovered:
D:1:      dpeg_arrival_pits, layout_loops_ring
D:2:      layout_basic, shapermc_ecumenical_altar_mp_highgroup, uniq_terence,
          uniq_sigmund
D:3:      minmay_recursive_quarters, layout_basic, serial_shops,
          nicolae_shop_stone, uniq_natasha, uniq_jessica
D:4:      layout_rooms, uniq_crazy_yiuf_cottage
D:5:      layout_layer_cave, nicolae_wu_jian_immortal_techniques,
          beargit_hepliaklqana_dungeon_heroes, ebering_ghost_sewer_f
D:6:      minmay_angry_zag, layout_basic, minmay_temple_entry_statues,
          chequers_garden, minmay_gold_behind_fungi, uniq_blork_the_orc,
          uniq_duvessa
D:7:      layout_rooms, guppyfry_early_elven_hall
D:8:      layout_gridville, grunt_qazlal_clouds, amcnicky_altar_gilded
D:9:      layout_gridville, enter_bailey_3, lightli_minifort
Temple:   regret_index_temple_waves
Bailey:   bailey_polearm_flooded_kennysheep, bailey

Skill      XL: |  1  2  3  4  5  6  7  8  9 10 |
---------------+-------------------------------+-----
Polearms       | 4 5 6 |  6.2
Stealth        | 1 2 3 |  3.7
Fighting       | 4 5 6 7 |  7.1
Dodging        | 3 4 |  4.6
Armour         | 3 4 5 7 8 |  8.4
Shields        | 1 2 3 4 |  4.0
Maces & Flails | 2 5 7 10 | 10.0

Action                   |  1- 3 |  4- 6 |  7- 9 | 10-12 || total
-------------------------+-------+-------+-------+-------++-------
Melee: Spear             |    46 |    91 |       |       ||   137
       Peck              |     6 |    14 |    49 |    15 ||    84
       Kick              |     9 |    36 |    69 |    16 ||   130
       Mace              |       |    10 |   251 |    80 ||   341
Invok: Berserk           |     1 |       |     6 |     3 ||    10
  Use: Scroll            |       |       |     2 |     5 ||     7
       Potion            |       |       |     2 |       ||     2
 Stab: Sleeping          |     2 |       |       |       ||     2
       Distracted        |       |       |     1 |       ||     1
Armor: Animal skin       |     5 |       |       |       ||     5
       Scale mail        |     5 |    35 |    23 |       ||    63
       Plate armour      |       |       |   110 |    49 ||   159
Dodge: Dodged            |    21 |    34 |   104 |    38 ||   197
Block: Other             |     2 |    18 |    55 |     6 ||    81
       Reflection        |       |       |     2 |     2 ||     4
       Buckler           |       |       |       |    39 ||    39

Table legend: (Time is in decaauts)
 A = Elapsed time spent in this place.
 B = Non-inter-level travel time spent in this place.
 C = Inter-level travel time spent in this place.
 D = Time resting spent in this place.
 E = Time spent auto-exploring this place.
 F = Levels seen in this place.
 G = Mean time per level.
                   A        B        C        D        E       F      G
               +--------+--------+--------+--------+--------+-----+--------+
         Total |   8178 |   8178 |      0 |   1379 |   4911 |  11 |  743.5 |
       Dungeon |   7982 |   7982 |      0 |   1379 |   4805 |   9 |  886.9 |
        Temple |    173 |    173 |      0 |      0 |    105 |   1 |  173.0 |
        Bailey |     22 |     22 |      0 |      0 |      0 |   1 |   22.0 |
               +--------+--------+--------+--------+--------+-----+--------+

Top non-repeatable levels by time:
     D:5: 1600 daAuts
     D:6: 1573 daAuts
     D:4: 903 daAuts
     D:1: 879 daAuts
     D:3: 836 daAuts
     D:8: 753 daAuts
     D:2: 657 daAuts
     D:7: 635 daAuts
  Temple: 173 daAuts
     D:9: 142 daAuts
  Bailey: 22 daAuts
